 Dungeon Crawl Stone Soup version 0.30.1-3-gfc49f6343a (webtiles) character file.

Game seed: 9280327791000887315

3931 coffeetime the Grappler (level 10, -15/107 HPs)
             Began as a Troll Monk on July 28, 2023.
             Was a Believer of Ru.
             Demolished by Grum
             ... wielding a +1 spear
              (18 damage)
             ... on level 8 of the Dungeon on July 29, 2023.
             The game lasted 00:17:09 (6893 turns).

coffeetime the Grappler (Troll Monk)                Turns: 6893, Time: 00:17:10

Health: -15/107    AC:  0    Str: 25    XL:     10   Next: 1%
Magic:  9/9        EV: 10    Int:  6    God:    Ru [**....]
Gold:   513        SH:  0    Dex: 12    Spells: 9/9 levels left

rFire   + .          .
                       - Unarmed
rCold   . . .        (no shield)
rNeg    . . .        a - +0 robe
rPois   .            (helmet restricted)
rElec   .            w - +0 cloak
rCorr   .            (gloves unavailable)
SInv    .            (boots unavailable)
Will    .....        r - amulet of the acrobat
Stlth   +            e - ring of flight
HPRegen 1.17/turn    s - ring of protection from fire
MPRegen 0.11/turn

%: acrobat
@: mighty, about to teleport, flying, studying Unarmed Combat
A: large, unfitting armour, claws 3, regeneration 1, shaggy fur 1, tough skin 1,
no conjurations magic, no fire magic, no transmutations magic, reduced AC 1
a: Renounce Religion


You were on level 8 of the Dungeon.
You worshipped Ru.
Ru was pleased with you.
You visited 2 branches of the dungeon, and saw 9 of its levels.
You also visited: Bailey.

You collected 513 gold pieces.

Inventory:

Missiles
 h - 33 stones (quivered)
 K - a curare-tipped dart
 L - 8 poisoned darts
Armour
 a - a +0 robe (worn)
 c - an orb of light
 o - a scarf of harm
 w - a +0 cloak (worn)
Jewellery
 e - a ring of flight (left claw)
 r - an amulet of the acrobat (around neck)
 s - a ring of protection from fire (right claw)
 t - a +4 ring of protection
 v - a +6 ring of intelligence
Wands
 n - a wand of polymorph (6)
 y - a wand of charming (10)
 D - a wand of digging (5)
 E - a wand of iceblast (10)
 J - a wand of flame (18)
 M - a wand of mindburst (13)
Scrolls
 d - 2 scrolls of blinking {unknown}
 g - 3 scrolls of enchant armour
 i - a scroll of magic mapping
 j - 3 scrolls of teleportation
 l - 2 scrolls of butterflies {unknown}
 m - 3 scrolls of poison
 p - a scroll of vulnerability
 q - a scroll of fog {unknown}
 A - a scroll of silence {unknown}
 I - a scroll of noise {unknown}
 N - 2 scrolls of amnesia {unknown}
Potions
 b - 2 potions of ambrosia
 f - 2 potions of attraction
 k - 5 potions of mutation
 u - 4 potions of curing {unknown}
 x - 2 potions of flight {unknown}
 z - 3 potions of invisibility {unknown}
 B - 2 potions of brilliance {unknown}
 F - a potion of resistance {unknown}
 H - a potion of magic {unknown}


   Skills:
 + Level 9.0 Fighting
 + Level 1.2 Throwing
 - Level 2.4 Dodging
 - Level 11.0 Unarmed Combat


You had 9 spell levels left.
You didn't know any spells.
Your spell library contained the following spells:

 Spells                   Type           Power      Damage    Failure   Level
 Apportation              Tloc           0%         N/A       45%         1
 Necrotise                Necr           0%         1d4       45%         1
 Summon Small Mammal      Summ           0%         N/A       45%         1
 Lesser Beckoning         Tloc           0%         N/A       58%         2
 Gell's Gravitas          Tloc           0%         N/A       83%         3
 Portal Projectile        Hex/Tloc       0%         N/A       83%         3
 Teleport Other           Tloc           0%         N/A       83%         3
 Tukima's Dance           Hex            0%         N/A       83%         3
 Blade Hands              Tmut           Unusable   N/A       N/A         5

Dungeon Overview and Level Annotations

Branches:
Dungeon (8/15)             Temple (1/1) D:6          Bailey (visited)
   Lair: D:8-11

Altars:
Ashenzari
Cheibriados
Dithmenos
Elyvilon
Fedhas
Gozag
Hepliaklqana
Kikubaaqudgha
Makhleb
Nemelex Xobeh
Okawaru
Qazlal
Ru
Sif Muna
Trog
Uskayaw
Vehumet
Wu Jian
Xom
Yredelemnul
Zin
The Shining One

Annotations:
D:8 Grum


Innate Abilities, Weirdness & Mutations

You are too large for most types of armour.
You have claws for hands.
Your natural rate of healing is unusually fast.
You are covered in fur. (AC +1)
You have tough skin. (AC +1)
You cannot study or cast Conjurations magic.
You cannot study or cast Fire magic.
You cannot study or cast Transmutations magic.
You take slightly more damage. (AC -5)


Message History

Your Fighting skill increases to level 9!
You have reached level 10!
The wolf bites you!
You closely miss the wolf. The wolf barely misses you.
You closely miss the wolf. The wolf completely misses you.
Grum hits you from afar with a +1 spear!
The wolf bites you!
You miss the wolf. The wolf barely misses you.
Grum hits you from afar with a +1 spear!
You claw the wolf!
The wolf is heavily wounded.
The wolf bites you!
* * * LOW HITPOINT WARNING * * *
Grum hits you from afar with a +1 spear!
* * * LOW HITPOINT WARNING * * *
You feel much better. The wolf closely misses you. The wolf bites you!
Grum hits you from afar with a +1 spear!
* * * LOW HITPOINT WARNING * * *
You feel very mighty all of a sudden. The wolf bites you!
* * * LOW HITPOINT WARNING * * *
The wolf completely misses you.
Grum hits you from afar with a +1 spear!
* * * LOW HITPOINT WARNING * * *
You feel much better. The wolf barely misses you.
Grum hits you from afar with a +1 spear!
* * * LOW HITPOINT WARNING * * *
The wolf bites you!
* * * LOW HITPOINT WARNING * * *
You focus your inner power and illuminate the wolf in retribution!
The wolf attacks as you move away! The wolf barely misses you.
The wolf misses you. The wolf closely misses you.
The wolf stops glowing.
The wolf bites you.
* * * LOW HITPOINT WARNING * * *
As you read the scroll of teleportation, it crumbles to dust.
You feel strangely unstable. The wolf closely misses you. The wolf bites you!
* * * LOW HITPOINT WARNING * * *
Grum hits you from afar with a +1 spear!!
You die...

#####
.... ..#
#.# #@#
#h# #
#g##.#
#h...#
#h####
#.# #.#
#.######
##.<....#


You could see Grum and 3 wolves.

Vanquished Creatures
  Pikel (D:5)
  Sigmund (D:5)
  A steam dragon (D:6)
  Edmund (D:4)
  A water moccasin (D:6)
  Duvessa (D:5)
  10 orc warriors
  2 sky beasts (D:6)
  An ice beast (D:7)
  A black bear (D:5)
  A wolf (D:8)
  A lemure (D:5)
  3 ogres (D:6)
  A kobold brigand (D:7)
  A bullfrog (D:6)
  A gnoll sergeant (D:7)
  A scorpion (D:4)
  Dowan (D:5)
  A howler monkey (D:6)
  A crimson imp (D:7)
  A jelly (D:6)
  4 hounds
  Crazy Yiuf (D:4)
  3 iguanas
  Ijyb (D:5)
  An orc wizard (D:7)
  A sleepcap (D:5)
  14 gnolls
  11 adders
  2 white imps
  An ufetubus (D:5)
  10 worms
  3 dart slugs
  13 orcs
  2 ball pythons
  6 endoplasms
  8 giant cockroaches
  18 goblins
  12 hobgoblins
  2 quokkas
  5 bats
  4 frilled lizards
  9 kobolds
  4 rats
168 creatures vanquished.

Vanquished Creatures (others)
  Prince Ribbit (D:8)
1 creature vanquished.

Grand Total: 169 creatures vanquished

Notes
Turn   | Place    | Note
-------+----------+-------------------------------------------
     0 | D:1      | coffeetime the Troll Monk began the quest for the Orb.
     0 | D:1      | Reached XP level 1. HP: 22/22 MP: 0/0
   166 | D:1      | Found a faded altar of an unknown god.
   201 | D:1      | Reached XP level 2. HP: 28/29 MP: 1/1
   566 | D:2      | Reached XP level 3. HP: 33/37 MP: 2/2
  1416 | D:3      | Reached skill level 4 in Unarmed Combat
  1613 | D:3      | Reached XP level 4. HP: 41/45 MP: 3/3
  2280 | D:4      | Reached XP level 5. HP: 54/54 MP: 4/4
  2591 | D:4      | Reached skill level 5 in Unarmed Combat
  2733 | D:4      | Reached XP level 6. HP: 57/62 MP: 5/5
  2835 | D:4      | Found a runed translucent door.
  2836 | D:4      | Noticed Crazy Yiuf
  3024 | D:4      | Killed Crazy Yiuf
  3137 | D:4      | Noticed Edmund
  3154 | D:4      | Killed Edmund
  3252 | D:5      | Entered Level 5 of the Dungeon
  3282 | D:5      | Noticed Duvessa
  3312 | D:5      | Reached skill level 5 in Fighting
  3312 | D:5      | Reached skill level 6 in Unarmed Combat
  3312 | D:5      | Reached XP level 7. HP: 61/70 MP: 6/6
  3437 | D:5      | Found a blossoming altar of Fedhas.
  3438 | D:5      | Found a shimmering blue altar of Sif Muna.
  3614 | D:5      | Noticed Sigmund
  3618 | D:5      | Noticed Pikel
  3641 | D:5      | Killed Sigmund
  3657 | D:5      | Killed Pikel
  3658 | D:5      | Reached skill level 7 in Unarmed Combat
  3658 | D:5      | Reached XP level 8. HP: 17/83 MP: 7/7
  3726 | D:5      | Noticed Ijyb
  3738 | D:5      | Killed Ijyb
  3832 | D:5      | Noticed Dowan
  3841 | D:5      | Killed Dowan
  3938 | D:5      | Killed Duvessa
  3939 | D:5      | Reached skill level 8 in Unarmed Combat
  4082 | D:6      | Found a staircase to the Ecumenical Temple.
  4092 | Temple   | Entered the Ecumenical Temple
  4414 | Temple   | Became a worshipper of Ru the Awakened
  4423 | Temple   | Gained mutation: You take slightly more damage. (AC -5) [Ru
                  | sacrifice]
  4423 | Temple   | Reached * piety under Ru
  4617 | D:6      | Reached skill level 9 in Unarmed Combat
  4617 | D:6      | Reached XP level 9. HP: 34/93 MP: 8/8
  5254 | D:7      | Found a flagged portal.
  5266 | Bailey   | Entered a bailey
  5687 | Bailey   | Reached skill level 10 in Unarmed Combat
  5752 | Bailey   | Acquired a manual of Unarmed Combat
  5783 | Bailey   | Noticed an orc warlord
  6399 | D:7      | Gained mutation: You cannot study or cast Fire magic. [Ru
                  | sacrifice]
  6399 | D:7      | Gained mutation: You cannot study or cast Transmutations
                  | magic. [Ru sacrifice]
  6399 | D:7      | Gained mutation: You cannot study or cast Conjurations
                  | magic. [Ru sacrifice]
  6399 | D:7      | Reached ** piety under Ru
  6636 | D:7      | Reached skill level 11 in Unarmed Combat
  6844 | D:8      | Noticed Prince Ribbit
  6848 | D:8      | Killed Prince Ribbit
  6849 | D:8      | Reached skill level 1 in Throwing
  6873 | D:8      | Noticed Grum
  6880 | D:8      | Reached XP level 10. HP: 73/107 MP: 9/9
  6893 | D:8      | HP: 3/107 [wolf[Grum] (11)]
  6893 | D:8      | Demolished by Grum

Illustrated notes

Levels and vault maps discovered:
D:1:      dpeg_arrival_rhombus, layout_basic,
          hellmonk_ecumenical_altar_slurped_away
D:2:      layout_basic
D:3:      layout_basic
D:4:      layout_loops_ring, grunt_ministairs_9, nicolae_wormholes,
          uniq_crazy_yiuf_cottage, uniq_edmund
D:5:      layout_loops_cross, mainiacjoe_overflow_divided_tiny, uniq_sigmund,
          uniq_pikel, uniq_ijyb, uniq_duvessa
D:6:      layout_loops_ring, minmay_temple_entry_grid,
          nicolae_concentric_dashed_squares_wild, grunt_decor_one_mirror,
          st_stairs_7
D:7:      layout_gridville, enter_bailey_2, minmay_fire_ice_demons
D:8:      layout_loops_ring, erik_lair_island, eino_curves_01, uniq_grum,
          uniq_prince_ribbit1
Temple:   mainiacjoe_temple_cubbyholes

Skill      XL: |  1  2  3  4  5  6  7  8  9 |
---------------+----------------------------+-----
Fighting       | 3 4 5 6 7 9 |  9.0
Unarmed Combat | 4 5 6 7 9 11 | 11.0
Throwing       | 1 |  1.2
Dodging        | |  2.4

Action                     |  1- 3 |  4- 6 |  7- 9 | 10-12 || total
---------------------------+-------+-------+-------+-------++-------
  Melee: Unarmed           |    77 |    97 |   267 |     4 ||   445
         Punch             |       |       |     2 |       ||     2
  Throw: Stone             |       |       |    25 |       ||    25
 Invoke: Sacrifice Health  |       |       |     1 |       ||     1
         Sacrifice Arcana  |       |       |     1 |       ||     1
    Use: Scroll            |       |     9 |     3 |     1 ||    13
         Potion            |       |     3 |     3 |     3 ||     9
   Stab: Distracted        |       |       |     1 |       ||     1
 Armour: Robe              |    32 |    23 |    15 |       ||    70
  Dodge: Dodged            |    38 |    54 |   113 |    10 ||   215
